 Dungeon Crawl Stone Soup version 0.17-a0-1248-g117de50 (webtiles) character file.

23 kidanger the Grave Robber (level 2, -1/22 HPs)
             Began as a Deep Dwarf Necromancer on June 5, 2015.
             Slain by an adder (2 damage)
             ... on level 2 of the Dungeon.
             The game lasted 00:04:25 (980 turns).

kidanger the Grave Robber (Deep Dwarf Necromancer)   Turns: 980, Time: 00:04:26

Health: -1/22      AC:  2    Str: 11    XL:     2   Next: 72%
Magic:  2/5        EV: 12    Int: 15    God:
Gold:   34         SH:  0    Dex: 13    Spells: 2 memorised, 3 levels left

rFire  . . .     SeeInvis .     f - +1 short sword (venom)
rCold  . . .     Clarity  .     a - +0 robe
rNeg   . . .     SustAt   .     (no shield)
rPois  .         Gourm    .     (no helmet)
rElec  .         Spirit   .     (no cloak)
rCorr  .         Warding  .     (no gloves)
rMut   .         Stasis   .     (no boots)
MR     .....                    (no amulet)
Stlth  ++........               (no ring)
                                (no ring)

@: lethally poisoned (-1 -> -1), non-regenerating, not resistant to hostile
enchantments, unstealthy
A: damage resistance, recharge devices, sense surroundings 1, slow healing 3
a: Device Recharging


You were on level 2 of the Dungeon.
You were not hungry.

You visited 1 branch of the dungeon, and saw 2 of its levels.

You collected 34 gold pieces.

Inventory:

Hand weapons
 f - a +1 short sword of venom (weapon)
Armour
 a - a +0 robe (worn)
Magical devices
 c - a wand of heal wounds (5)
Scrolls
 e - a scroll of fog {unknown}
 g - a scroll of identify {unknown}
 h - a scroll of remove curse {unknown}
 j - a scroll of immolation {unknown}
 l - a scroll of enchant armour {unknown}
 m - a scroll of blinking {unknown}
Potions
 i - 2 potions of lignification {unknown}
Books
 b - a book of Necromancy

   Spells                             Type                      Level
   a - Pain                           Necromancy                   1
   b - Animate Skeleton               Necromancy                   1
   c - Vampiric Draining              Necromancy                   3
   d - Regeneration                   Charms/Necromancy            3
   e - Animate Dead                   Necromancy                   4
   f - Control Undead                 Necromancy                   4
Comestibles
 d - 2 bread rations
 k - 4 fruits


   Skills:
 + Level 2.3 Dodging
 + Level 2.6 Stealth
 * Level 2.2 Spellcasting
 + Level 4.8 Necromancy


You had 3 spell levels left.
You knew the following spells:

 Your Spells              Type           Power        Failure   Level  Hunger
a - Pain                  Necr           ###.         3%          1    #......
b - Animate Skeleton      Necr           N/A          3%          1    #......


Dungeon Overview and Level Annotations

Branches:
Dungeon (2/15)

Altars:


Innate Abilities, Weirdness & Mutations

You are resistant to damage.
You can recharge devices by infusing magical energy.
You passively map a small area around you.
You do not heal naturally.


Message History

The adder is severely wounded.
The adder bites you but does no damage. The adder completely misses you.
Casting: Pain
Confirm with . or Enter, or press ? or * to list all spells.
Aiming: Pain
Press: ? - help, Shift-Dir - straight line, f/p - adder
Aim: an adder (severely wounded, chance to defeat MR: 81%)
The adder barely resists.
The adder bites you.
* * * LOW HITPOINT WARNING * * *
The adder bites you.
* * * LOW HITPOINT WARNING * * *
You are poisoned.
The adder poisons you! The adder bites you but does no damage.
The adder bites you.
You are more poisoned.
The adder poisons you!
Found a scroll labeled JEROAC HEEVE.
The adder bites you.
You die...

, *,#.# #.##.## , ,
#.#.#*,#.##.# , #.#.##
#.##.# , , , ,
#.#?##.#.##.#* , , ,, ,
#.#.##.#.##.#* ,, ,
#.#.##......#**
,#.####.#.####.##########
*
#......#..........?.....
, , #.@S.........###### ,
#.................. , ,
.....................
................####.#
,.....#####........# # ,
..... #........# ....
#........# , ..##
*#..####### , ... *


You could see an adder.

Vanquished Creatures
  3 giant geckos (D:1)
  3 bats (D:1)
  A goblin (D:1)
  4 hobgoblins (D:1)
  A giant cockroach (D:1)
  A giant newt (D:2)
  A kobold (D:1)
  5 rats (D:1)
19 creatures vanquished.

Vanquished Creatures (collateral kills)
  A ball python (D:1)
  A rat (D:1)
2 creatures vanquished.

Grand Total: 21 creatures vanquished

Notes
Turn   | Place    | Note
--------------------------------------------------------------
     0 | D:1      | kidanger the Deep Dwarf Necromancer began the quest for the Orb.
     0 | D:1      | Reached XP level 1. HP: 15/15 MP: 3/3
    48 | D:1      | Learned a level 1 spell: Animate Skeleton
   255 | D:1      | Reached XP level 2. HP: 14/22 MP: 0/5
   971 | D:2      | HP: 1/22 [adder (4)]
   980 | D:2      | Slain by an adder

Vault maps used:
D:1:      minmay_arrival_three_doors
D:2:      serial_corexii_hall, corexii_hall_statues_s, corexii_hall_statues_x

Action                   || total
-------------------------++-------
Melee: Unarmed           ||     3
       Short sword       ||     2
 Cast: Pain              ||    39
       Animate Skeleton  ||     4
  Eat: Beef jerky        ||     1
